 Dungeon Crawl Stone Soup version 0.30.0-29-ga12c61a403 (webtiles) character file.

Game seed: 10707248035369192035

7 booth the Conjurer (level 1, -2/16 HPs)
             Began as a Demonspawn Reaver on June 25, 2023.
             Slain by a goblin
             ... wielding a +4 dagger
              (6 damage)
             ... on level 1 of the Dungeon.
             The game lasted 00:01:17 (165 turns).

booth the Conjurer (Demonspawn Reaver)               Turns: 165, Time: 00:01:18

Health: -2/16      AC:  3    Str: 12    XL:     1   Next: 91%
Magic:  3/3        EV: 11    Int: 14    God:
Gold:   28         SH:  0    Dex: 11    Spells: 3/4 levels left

rFire   . . .        a - +0 hand axe (flame)
rCold   . . .        (no shield)
rNeg    . . .        b - +0 leather armour
rPois   .            (no helmet)
rElec   .            (no cloak)
rCorr   .            (no gloves)
SInv    .            (no boots)
Will    .....        (no amulet)
Stlth   +            (no ring)
HPRegen 0.22/turn    (no ring)
MPRegen 0.08/turn

%: no passive effects
@: no status effects
A: no striking features
a: no special abilities


You were on level 1 of the Dungeon.
You visited 1 branch of the dungeon, and saw 1 of its levels.

You collected 28 gold pieces.

Inventory:

Hand Weapons
 a - a +0 hand axe of flaming (weapon)
Armour
 b - a +0 leather armour (worn)
Scrolls
 d - a scroll of noise {unknown}
 e - 2 scrolls of identify {unknown}


   Skills:
 + Level 2.1 Fighting
 + Level 2.8 Axes
 + Level 1.9 Dodging
 + Level 2.1 Spellcasting
 + Level 3.1 Conjurations


You had 3 spell levels left.
You knew the following spells:

 Your Spells              Type           Power      Damage    Failure   Level
a - Kiss of Death         Conj/Necr      20%        2d7       16%         1

Your spell library contained the following spells:

 Spells                   Type           Power      Damage    Failure   Level
 Momentum Strike          Conj/Tloc      10%        3d8       24%         2
 Hailstorm                Conj/Ice       5%         3d4       43%         3


Dungeon Overview and Level Annotations

Branches:
Dungeon (1/15)

Altars:


Message History

e - 2 scrolls labelled XUACUBBOSIO (gained 1)
You hit the hobgoblin.
The hobgoblin is severely wounded.
The hobgoblin closely misses you.
You hit the hobgoblin but do no damage.
The hobgoblin is severely wounded.
The hobgoblin hits you.
You hit the hobgoblin.
The hobgoblin is almost dead.
The hobgoblin hits you but does no damage. x2
You barely miss the hobgoblin.
The hobgoblin is almost dead.
The hobgoblin misses you.
You closely miss the hobgoblin.
The hobgoblin is almost dead.
The hobgoblin hits you but does no damage.
You hit the hobgoblin.
You kill the hobgoblin!
You see here a hobgoblin corpse.
Found 14 gold pieces.
You now have 14 gold pieces.
You now have 28 gold pieces (gained 14).
As you open the door, it creaks loudly!
A goblin comes into view. It is wielding a +4 dagger.
The goblin shouts!
There is an open door here.
You barely miss the goblin. The goblin hits you with a +4 dagger.
You miss the goblin. The goblin hits you with a +4 dagger.
You barely miss the goblin.
The goblin hits you with a +4 dagger. x2
You closely miss the goblin. The goblin hits you with a +4 dagger.
* * * LOW HITPOINT WARNING * * *
You barely miss the goblin. The goblin misses you.
You aren't carrying any potions.
As you read the scroll labelled LIKIAJ PONERI, it crumbles to dust.
It is a scroll of brand weapon.
Your +0 hand axe is engulfed in flames!
a - a +0 hand axe of flaming (weapon)
The goblin barely misses you.
You miss the goblin. The goblin hits you with a +4 dagger.
You die...

### ###.. ##### #...
#.... ##.#######
#....##........######..
#..>..†........@g......
#.....###......##....##
#.....# #......# ...#
#.....# #......# ...#
#.....# #......# #..
##.....###......# .
#...............#
#...............#
#...........#####


You could see a goblin.

Vanquished Creatures
  A giant cockroach (D:1)
  A goblin (D:1)
  A hobgoblin (D:1)
  A bat (D:1)
  A frilled lizard (D:1)
  A kobold (D:1)
  2 rats (D:1)
8 creatures vanquished.

Notes
Turn   | Place    | Note
-------+----------+-------------------------------------------
     0 | D:1      | booth the Demonspawn Reaver began the quest for the Orb.
     0 | D:1      | Reached XP level 1. HP: 16/16 MP: 3/3
   165 | D:1      | Slain by a goblin

Illustrated notes

Levels and vault maps discovered:
D:1:      minmay_arrival_radiant_lines, layout_basic, serial_shops, shop_statue

Action                     || total
---------------------------++-------
  Melee: Hand axe          ||    53
    Use: Scroll            ||     1
 Armour: Leather armour    ||    15
  Dodge: Dodged            ||    35
